Map: Orbital Shipyard

Players

capac - Winner!

  • Race: Terran Terran
  • League: Gold

A.I. 1 (Elite)

  • Race: Protoss Protoss

VOD

Have the link to the VOD?

Description

Time

  • Played on: March 4, 2016, 2:11 p.m.
  • Length: 11:15
Show
View Real Time Build Order
Export as new Build Order

capac Terran - Winner!

Build Orders: MMM Bio 

Get SALT Encoding   

  12  0:01  SCV  
  13  0:13  SCV  
  14  0:18  Supply Depot  
  14  0:25  SCV  
  15  0:40  SCV  
  15  0:41  Barracks  
  16  0:45  Refinery  
  16  0:52  SCV  
  17  1:04  SCV  
  18  1:16  SCV  
  19  1:28  SCV  
  20  1:36  Barracks Reactor, Command Center  
  20  1:40  SCV  
  21  1:49  Supply Depot  
  21  1:54  SCV  
  22  2:06  Orbital Command  
  22  2:12  Marine x2  
  24  2:22  Barracks  
  23  2:32  SCV  
  24  2:41  Refinery, Factory  
  24  2:42  Marine x2  
  26  2:48  SCV  
  27  2:54  Orbital Command  
  27  3:03  Marine x2  
  27  3:04  SCV  
  30  3:16  Barracks Tech Lab, SCV  
  31  3:25  SCV  
  32  3:29  Factory Tech Lab  
  32  3:30  Starport  
  32  3:33  SCV  
  33  3:36  Marine x3  
  33  3:38  Stimpack  
  33  3:40  SCV  
  37  3:45  SCV  
  38  3:51  Siege Tank  
  41  3:56  Supply Depot  
  41  4:00  Marine x3  
  41  4:02  SCV  
  45  4:03  SCV  
  46  4:10  Engineering Bay  
  46  4:17  Medivac  
  46  4:18  SCV x2  
  46  4:20  Supply Depot  
  46  4:21  Marine x2  
  46  4:22  Marine  
  53  4:28  Refinery  
  54  4:31  SCV  
  54  4:42  Engineering Bay, Siege Tank, SCV  
  54  4:45  Supply Depot  
  58  4:48  Supply Depot, SCV  
  58  4:49  Marine x2  
  58  4:50  Marine  
  62  5:06  SCV, Medivac  
  65  5:09  SCV  
  65  5:12  Marine x3  
  65  5:13  Supply Depot  
  69  5:24  SCV x2  
  69  5:25  Barracks  
  71  5:30  Marine x3  
  71  5:31  Refinery  
  74  5:36  Supply Depot, SCV x2  
  74  5:37  Starport Reactor  
  76  5:47  Marine  
  76  5:48  Marine x2  
  79  5:50  Siege Tank  
  79  5:52  SCV x2  
  79  5:54  Terran Infantry Weapons Level 1  
  84  5:57  Terran Infantry Armor Level 1  
  85  6:04  SCV x2  
  85  6:10  Barracks  
  86  6:14  Barracks  
  86  6:17  SCV x2  
  88  6:22  Supply Depot, Armory  
  88  6:24  Marine x2  
  88  6:25  Marine  
  91  6:26  Siege Tank  
  94  6:44  Medivac x2  
  89  6:55  Supply Depot  
  89  6:56  SCV x2  
  89  6:59  Marine x3  
  89  7:01  Barracks Reactor x2, Command Center  
  93  7:03  Barracks Reactor  
  93  7:06  Liberator x2  
  93  7:10  Supply Depot  
  93  7:19  Siege Tank  
  102  7:41  SCV x2  
  104  7:50  Marine x4  
  104  7:51  Marine x3  
  110  7:55  Terran Infantry Weapons Level 2  
  110  7:56  Terran Infantry Armor Level 2  
  111  7:58  Supply Depot  
  111  7:59  Supply Depot  
  111  8:04  Combat Shields  
  111  8:32  Supply Depot  
  111  8:34  Supply Depot  
  111  8:35  Medivac x2  
  111  8:36  Marine x6  
  121  8:51  SCV x2  
  121  8:55  Liberator x2  
  123  8:56  Supply Depot  
  123  8:57  Supply Depot  
  123  9:04  Marine x3  
  123  9:05  Marine x6  
  123  9:08  Siege Tank  
  135  9:14  SCV  
  135  9:15  SCV  
  135  9:16  Orbital Command  
  143  9:37  Command Center  
  136  9:39  Marine  
  136  9:40  Marine x7  
  136  9:41  Marine  
  144  9:52  Liberator x2  
  144  9:57  Marine  
  144  10:06  Marine x5  
  144  10:07  Marine x3  
  149  10:08  Siege Tank  
  161  10:16  Refinery  
  161  10:18  Refinery  
  159  10:40  SCV x2  
  161  10:43  Marine x5  
  161  10:44  Marine x3  
Show
View Real Time Build Order
Export as new Build Order

A.I. 1 (Elite) Protoss 

Build Orders: Zealot Archon 

Get SALT Encoding   

  12  0:01  Probe (Chrono Boost)  
  13  0:11  Probe (Chrono Boost)  
  14  0:20  Pylon  
  14  0:22  Probe (Chrono Boost)  
  15  0:38  Probe (Chrono Boost)  
  16  0:47  Assimilator  
  16  0:49  Probe (Chrono Boost), Gateway  
  17  0:59  Probe (Chrono Boost)  
  17  1:00  Pylon  
  18  1:10  Probe (Chrono Boost)  
  19  1:20  Probe (Chrono Boost)  
  20  1:31  Probe (Chrono Boost)  
  21  1:36  Zealot  
  23  1:43  Probe (Chrono Boost)  
  23  1:45  Cybernetics Core  
  25  1:54  Probe (Chrono Boost)  
  25  1:59  Nexus  
  25  2:12  Gateway  
  25  2:19  Pylon  
  25  2:20  Zealot  
  25  2:22  Warp Gate  
  27  2:27  Probe (Chrono Boost)  
  28  2:38  Probe (Chrono Boost), Assimilator  
  29  2:46  Adept  
  29  2:50  Probe (Chrono Boost)  
  32  2:58  Adept  
  32  3:02  Probe (Chrono Boost)  
  32  3:05  Pylon  
  35  3:11  Adept  
  36  3:13  Probe (Chrono Boost)  
  38  3:23  Sentry  
  40  3:31  Probe (Chrono Boost)  
  41  3:36  Stalker  
  41  3:40  Gateway  
  44  3:41  Probe (Chrono Boost)  
  44  3:47  Stalker  
  44  3:51  Probe (Chrono Boost)  
  47  4:00  Probe (Chrono Boost)  
  47  4:02  Probe (Chrono Boost)  
  49  4:04  Stalker  
  51  4:11  Probe (Chrono Boost)  
  51  4:13  Probe (Chrono Boost)  
  51  4:15  Stalker  
  55  4:23  Probe (Chrono Boost)  
  57  4:25  Probe (Chrono Boost)  
  57  4:34  Probe (Chrono Boost), Stalker  
  57  4:35  Pylon  
  57  4:36  Probe (Chrono Boost)  
  61  4:43  Pylon  
  61  4:52  Stalker  
  61  4:53  Probe (Chrono Boost), Stalker  
  61  4:54  Probe (Chrono Boost)  
  61  4:59  Stalker  
  69  5:05  Probe x2 (Chrono Boost)  
  71  5:08  Pylon  
  71  5:14  Stalker  
  71  5:15  Stalker, Pylon  
  71  5:16  Probe (Chrono Boost)  
  71  5:17  Probe (Chrono Boost)  
  77  5:26  Stalker  
  77  5:27  Probe (Chrono Boost)  
  81  5:28  Probe (Chrono Boost)  
  81  5:32  Pylon  
  81  5:36  Stalker  
  81  5:37  Stalker  
  81  5:39  Probe (Chrono Boost)  
  81  5:40  Probe (Chrono Boost)  
  87  5:45  Assimilator  
  87  5:47  Twilight Council  
  87  5:48  Stalker  
  90  5:50  Probe (Chrono Boost)  
  90  5:51  Probe (Chrono Boost)  
  90  5:54  Pylon  
  91  5:58  Stalker, Assimilator  
  91  6:02  Zealot  
  95  6:16  Pylon  
  95  6:20  Probe (Chrono Boost)  
  96  6:27  Templar Archives  
  96  6:33  Forge  
  96  6:36  Forge  
  96  6:37  Nexus  
  94  6:41  Zealot  
  94  6:42  Probe x2 (Chrono Boost)  
  80  6:52  Zealot  
  80  6:53  Probe x2 (Chrono Boost)  
  78  7:02  Sentry  
  78  7:03  High Templar  
  78  7:05  Probe x2 (Chrono Boost)  
  84  7:12  High Templar  
  84  7:13  Robotics Facility  
  87  7:16  Probe (Chrono Boost)  
  87  7:17  Probe (Chrono Boost)  
  88  7:27  Archon  
  88  7:28  Probe (Chrono Boost), High Templar  
  88  7:29  Probe (Chrono Boost)  
  92  7:40  Probe x2 (Chrono Boost), High Templar  
  96  7:51  Probe (Chrono Boost)  
  98  7:52  Probe x2 (Chrono Boost)  
  98  7:56  Archon, High Templar  
  101  7:59  Assimilator  
  101  8:02  Probe (Chrono Boost), Observer  
  101  8:03  Probe (Chrono Boost), Assimilator  
  101  8:04  Probe (Chrono Boost)  
  105  8:14  Probe x2 (Chrono Boost), Pylon  
  105  8:16  Probe (Chrono Boost), Nexus  
  105  8:18  High Templar  
  110  8:20  Protoss Ground Weapons Level 1  
  110  8:25  Probe x2 (Chrono Boost)  
  113  8:27  Probe (Chrono Boost)  
  113  8:28  Protoss Ground Armor Level 1  
  113  8:35  Archon  
  113  8:36  Probe x2 (Chrono Boost)  
  113  8:38  Probe (Chrono Boost)  
  116  8:42  Photon Cannon  
  116  8:43  High Templar  
  116  8:47  Probe (Chrono Boost), Pylon  
  120  8:49  Probe x2 (Chrono Boost)  
  120  8:54  High Templar, Pylon  
  123  8:58  Probe (Chrono Boost)  
  123  9:00  Probe x2 (Chrono Boost), Immortal, Gateway  
  130  9:08  Archon  
  130  9:09  Probe (Chrono Boost)  
  131  9:10  High Templar  
  131  9:11  Probe (Chrono Boost)  
  131  9:16  Photon Cannon  
  134  9:20  High Templar, Pylon  
  134  9:24  Photon Cannon  
  136  9:26  Zealot  
  139  9:31  Probe (Chrono Boost)  
  139  9:35  Archon  
  139  9:37  Probe x3 (Chrono Boost), Immortal  
  105  9:40  Zealot  
  105  9:42  Probe (Chrono Boost)  
  105  9:44  High Templar  
  80  9:51  High Templar  
  75  9:54  Probe (Chrono Boost)  
  75  9:55  Stalker  
  75  9:59  Zealot  
  69  10:01  Probe (Chrono Boost)  
  69  10:04  Probe (Chrono Boost)  
  56  10:15  Zealot  
  56  10:17  Stalker  
  56  10:18  High Templar  
  58  10:21  Zealot  
  41  10:33  Sentry  
  37  10:37  Adept  
Tags
 
Add a new tag
Caveats
  • Supply blocks, unpowered buildings, or Contaminate may cause inaccurate times.
  • Supply counts are checked every 10 seconds.